 Dungeon Crawl Stone Soup version 0.29.0-4-gdea44cf6ec (webtiles) character file.

Game seed: 6249128605038961452

119 qw the Chopper (level 5, -5/30 HPs)
             Began as a Tengu Warper on Aug 29, 2022.
             Slain by a gnoll
             ... wielding a +0 flail
              (7 damage)
             ... on level 2 of the Dungeon.
             The game lasted 00:00:37 (1726 turns).

qw the Chopper (Tengu Warper)                       Turns: 1726, Time: 00:00:37

Health: -5/30      AC:  6    Str: 13    XL:     5   Next: 3%
Magic:  9/9        EV: 11    Int: 14    God:
Gold:   42         SH:  0    Dex: 13    Spells: 8/8 levels left

rFire   . . .      SeeInvis .   Y - +1 war axe
rCold   . . .      Faith    .   (no shield)
rNeg    . . .      Spirit   .   k - +0 scale mail
rPois   .          Reflect  .   (helmet restricted)
rElec   .          Harm     .   (no cloak)
rCorr   .          Rampage  .   (no gloves)
Will    .....                   (boots unavailable)
Stlth   ..........              (no amulet)
HPRegen 0.10/turn               (no ring)
MPRegen 0.11/turn               (no ring)

@: flying quickly and evasively, quick
A: beak, talons 3, nimble flight
a: no special abilities


You were on level 2 of the Dungeon.
You visited 1 branch of the dungeon, and saw 2 of its levels.

You collected 42 gold pieces.


Innate Abilities, Weirdness & Mutations

You have a beak for a mouth.
You have claws for feet.
Your magical nature lets you fly swiftly and evasively.


   Skills:
 - Level 2.0 Fighting
 + Level 5.5 Axes
 - Level 1.0 Throwing
 - Level 1.1 Armour
 - Level 2.1 Dodging
 - Level 2.0 Spellcasting
 - Level 2.4 Translocations


You had 8 spell levels left.
You didn't know any spells.
Your spell library contained the following spells:

 Spells                   Type           Power      Damage    Failure   Level
 Blink                    Tloc           16%        N/A       54%         2
 Gell's Gravitas          Tloc           8%         N/A       78%         3
 Lesser Beckoning         Tloc           8%         N/A       78%         3
 Teleport Other           Tloc           8%         N/A       78%         3
 Manifold Assault         Tloc           8%         N/A       100%        5

Inventory:

Hand Weapons
 j - a +0 whip
 Y - a +1 war axe (weapon)
Armour
 k - a +0 scale mail (worn)
Scrolls
 b - a scroll of fear {unknown}
 c - a scroll of teleportation {unknown}
Potions
 a - a potion of magic {unknown}
 d - a potion of lignification {unknown}
 e - a potion of curing
 g - a potion of degeneration {unknown}
 l - a potion of attraction {unknown}

Dungeon Overview and Level Annotations

Branches:
Dungeon (2/15)

Altars:

Shops:
D:2 (


Message History

You slash the adder! Your peck misses the adder.
The adder is severely wounded.
You feel sick. The adder bites you.
You hit the adder. You claw the adder.
You kill the adder!
You feel sick.
You slash the gnoll! Your kick misses the gnoll. You peck the gnoll.
The gnoll is almost dead.
You feel sick. The gnoll barely misses you.
You hit the gnoll. You peck the gnoll, but do no damage.
The gnoll is almost dead.
You feel sick.
You are no longer poisoned.
The gnoll hits you with a +0 whip.
You slash the gnoll! You claw the gnoll, but do no damage.
The gnoll is almost dead.
The gnoll barely misses you.
You hit the gnoll.
The gnoll is almost dead.
The gnoll hits you with a +0 flail of protection.
You hit the gnoll.
You kill the gnoll!
You slash the gnoll!
You kill the gnoll!
The gnoll hits you but does no damage.
You closely miss the gnoll. Your punch misses the gnoll.
The gnoll hits you with a +0 club.
You slash the gnoll! You claw the gnoll.
You kill the gnoll!
You have reached level 5!
Your magical nature develops, letting you fly swiftly and evasively.
You barely miss the gnoll. The gnoll closely misses you.
You hit the gnoll.
The gnoll is lightly wounded.
The gnoll misses you. The gnoll hits you with a +0 flail.
You hit the gnoll. Your kick misses the gnoll.
The gnoll is heavily wounded.
The gnoll hits you with a +0 flail!
You die...

#..#....##.#
##.##....#.##.
#..##...#:.#.# #+
##..###....# . ...
##...####.# # ....
#####......### .....
##.#.####.....#
......####....########.#
......g@................
......####.....###.#####
..... ##.#..# #.# # ....
###..###.# ### ...
#......# #.. #+ ##.#####
#.# #.# #.# #.# #.# #.#
#.#


You could see a gnoll.

Vanquished Creatures
  3 gnolls (D:2)
  5 adders (D:2)
  A dart slug (D:1)
  4 ball pythons (D:1)
  An endoplasm (D:2)
  3 giant cockroaches (D:1)
  A goblin (D:1)
  6 hobgoblins
  4 quokkas
  8 bats
  3 frilled lizards (D:1)
  2 kobolds (D:1)
  3 rats
44 creatures vanquished.

Vanquished Creatures (others)
  A fungus (D:1)
1 creature vanquished.

Grand Total: 45 creatures vanquished

Notes
Turn   | Place    | Note
-------+----------+-------------------------------------------
     0 | D:1      | qw the Tengu Warper began the quest for the Orb.
     0 | D:1      | Reached XP level 1. HP: 12/12 MP: 4/4
     0 | D:1      | 0 ||| qw: Version: 0.1-a-89-g26bdef1
     0 | D:1      | 0 ||| qw: Game counter: 3640
     0 | D:1      | 0 ||| qw: Always use a shield: true
     0 | D:1      | 0 ||| qw: God list: Okawaru
     0 | D:1      | 0 ||| qw: Allow faded altars: false
     0 | D:1      | 0 ||| qw: Do Orc after D:15 true
     0 | D:1      | 0 ||| qw: Do second Lair branch before Depths: true
     0 | D:1      | 0 ||| qw: Lair rune preference: random
     0 | D:1      | 0 ||| qw: Plans: Normal
     0 | D:1      | 0 ||| PLANNING D:1-11
   179 | D:1      | 179 ||| SWAPPING to +0 war axe.
   180 | D:1      | 180 ||| DROPPING +0 hand axe.
   194 | D:1      | Reached skill level 3 in Axes
   194 | D:1      | Reached XP level 2. HP: 15/17 MP: 6/6
   226 | D:1      | 226 ||| Stepping ~*~*~tactically~*~*~ (stealth).
   539 | D:1      | Found a faded altar of an unknown god.
   569 | D:1      | 569 ||| Stepping ~*~*~tactically~*~*~ (stealth).
   620 | D:1      | Reached XP level 3. HP: 18/21 MP: 7/7
   984 | D:1      | Reached skill level 4 in Axes
  1110 | D:1      | 1110 ||| UPGRADING to +0 scale mail.
  1120 | D:1      | 1120 ||| DROPPING +0 leather armour.
  1121 | D:1      | 1121 ||| READING 2 scrolls labelled MEURAH ACAOBB.
  1122 | D:1      | 1122 ||| READING scroll labelled FESCHA SECZAIGA.
  1123 | D:1      | 1123 ||| DRINKING 3 dark potions.
  1124 | D:1      | 1124 ||| DROPPING scroll of blinking.
  1125 | D:1      | 1125 ||| DROPPING scroll of noise.
  1170 | D:2      | Found Coitre's Antique Weapon Shoppe.
  1225 | D:2      | HP: 5/21 [poisoned by an adder]
  1227 | D:2      | 1227 ||| DRINKING 2 potions of curing.
  1227 | D:2      | 1227 ||| (to cure poison)
  1454 | D:2      | 1454 ||| Stepping ~*~*~tactically~*~*~ (stealth).
  1466 | D:2      | Reached XP level 4. HP: 26/26 MP: 8/8
  1480 | D:2      | 1480 ||| Stepping ~*~*~tactically~*~*~ (stealth).
  1486 | D:2      | 1486 ||| Stepping ~*~*~tactically~*~*~ (stealth).
  1686 | D:2      | Reached skill level 5 in Axes
  1724 | D:2      | Gained mutation: Your magical nature lets you fly swiftly
                  | and evasively. [Tengu growth]
  1724 | D:2      | Reached XP level 5. HP: 8/30 MP: 9/9
  1725 | D:2      | HP: 2/30 [gnoll/+0 flail (6)]
  1726 | D:2      | Slain by a gnoll

Levels and vault maps discovered:
D:1:      dpeg_arrival_more_subterranean_lakeside_camping, layout_basic,
          shapermc_ecumenical_altar_rom_forum
D:2:      minmay_evil_eye, layout_loops_corners, serial_shops,
          nicolae_shop_stone

Skill      XL: |  1  2  3  4 |
---------------+-------------+-----
Axes           | 3 4 5 |  5.5
Fighting       | |  2.0
Throwing       | |  1.0
Armour         | |  1.1
Dodging        | |  2.1
Spellcasting   | |  2.0
Translocations | |  2.4

Action                   |  1- 3 |  4- 6 || total
-------------------------+-------+-------++-------
Melee: War axe           |    80 |    27 ||   107
       Kick              |    18 |     5 ||    23
       Hand axe          |     4 |       ||     4
       Peck              |     8 |     3 ||    11
       Punch             |     2 |       ||     2
Throw: Boomerang         |     7 |       ||     7
  Use: Scroll            |     2 |       ||     2
       Potion            |     2 |       ||     2
Armor: Leather armour    |    15 |       ||    15
       Scale mail        |    13 |    13 ||    26
Dodge: Dodged            |    45 |    17 ||    62

Table legend:
 A = Non-vault XP
 B = Vault XP
 C = Vault XP percentage of total XP
 D = Non-vault monster count
 E = Vault monster count
 F = Vault count percentage of total count
                 A         B        C        D         E       F
            +---------+---------+-------+---------+---------+-------
      Total |     154 |      17 |   9.9 |      41 |       3 |   6.8
            +---------+---------+-------+---------+---------+-------
        D:1 |      46 |       0 |   0.0 |      28 |       0 |   0.0
        D:2 |     108 |      17 |  13.6 |      13 |       3 |  18.8
            +---------+---------+-------+---------+---------+-------
